PCL
TACOMA CUBS @ HAWAII ISLANDERS
06/12/1982
 
TOP OF THE 1ST
Tacoma Cubs batting - Pitching for Hawaii Islanders : RHP Herberto Folgueira
Pitching: RHP Herberto Folgueira
Batting: RHB Tim Glass 0-0: Ball
1-0: Ball
2-0: Called Strike
2-1: Foul Ball, location: 2F
2-2: Strikes out looking
Batting: RHB Glenn Hubbard 0-0: Called Strike
0-1: Called Strike
0-2: Ground out 5-3 (Groundball, 5, EV 86.3 MPH)
Batting: LHB Willie Gonzalez 0-0: Called Strike
0-1: Called Strike
0-2: Ball
1-2: Ball
2-2: Ground out 4-3 (Groundball, 34D, EV 78.8 MPH)
Top of the 1st over - 0 runs, 0 hits, 0 errors, 0 left on base; Tacoma 0 - Hawaii 0
BOTTOM OF THE 1ST
Hawaii Islanders batting - Pitching for Tacoma Cubs : RHP Joe Devitt
Pitching: RHP Joe Devitt
Batting: LHB Leo Sutherland 0-0: Ball
1-0: Foul Ball, location: 2F
1-1: Foul Ball, location: 2F
1-2: Ball
2-2: Strikes out swinging
Batting: LHB Creighton Tevlin 0-0: Ball
1-0: Ball
2-0: Foul Ball, location: 2F
2-1: Ball
3-1: Called Strike
3-2: Foul Ball, location: 2F
3-2: Base on Balls
Batting: SHB Charles Valley 0-0: Called Strike
0-1: Foul Ball, location: 2F
0-2: Ball
1-2: Strikes out swinging
Batting: LHB Dom Fucci 0-0: Called Strike
Creighton Tevlin steals 2nd base
0-1: Ball
1-1: Ball
2-1: Ball
3-1: Base on Balls
Batting: RHB Joe Strain 0-0: SINGLE (Line Drive, 6MD, EV 95.6 MPH)
Creighton Tevlin to third
Dom Fucci to second
Runner from 3rd tries for Home, SAFE, throw by CF to home
Batting: LHB Geno Petralli 0-0: Ground out 3-1 (Groundball, 34, EV 86.3 MPH)
Bottom of the 1st over - 1 run, 1 hit, 0 errors, 2 left on base; Tacoma 0 - Hawaii 1
TOP OF THE 2ND
Tacoma Cubs batting - Pitching for Hawaii Islanders : RHP Herberto Folgueira
Batting: LHB Dan Pasqua 0-0: Called Strike
0-1: Called Strike
0-2: Ball
1-2: Strikes out looking
Batting: RHB Marty Castillo 0-0: Ball
1-0: Swinging Strike
1-1: Called Strike
1-2: DOUBLE (Line Drive, 8LXD, EV 112.5 MPH)
Batting: LHB Thad Bosley 0-0: Fly out, F6 (Popup, 6, EV 78.8 MPH)
Batting: LHB John Elway 0-0: Foul Ball, location: 2F
0-1: Swinging Strike
0-2: Ball
1-2: Ball
2-2: Ball
3-2: Foul Ball, location: 2F
3-2: Base on Balls
Batting: RHB Paul Szymarek 0-0: Called Strike
0-1: Swinging Strike
0-2: Ball
1-2: Strikes out swinging
Top of the 2nd over - 0 runs, 1 hit, 0 errors, 2 left on base; Tacoma 0 - Hawaii 1
BOTTOM OF THE 2ND
Hawaii Islanders batting - Pitching for Tacoma Cubs : RHP Joe Devitt
Batting: LHB Joe DeSa 0-0: Swinging Strike
0-1: Ball
1-1: Ball
2-1: Fly out, F9 (Flyball, 9LS, EV 95.6 MPH)
Batting: SHB Wayne Stone 0-0: Swinging Strike
0-1: Ball
1-1: Ball
2-1: Swinging Strike
2-2: SINGLE (Groundball, 15S, EV 67.5 MPH) (infield hit)
Batting: RHB Michael Hanson 0-0: Ball
Wild Pitch!
Wayne Stone to second
1-0: Called Strike
1-1: Fly out, F7 (Flyball, 78S, EV 86.9 MPH)
Batting: LHB Leo Sutherland 0-0: Ground out 6-3 (Groundball, 6M, EV 85.6 MPH)
Bottom of the 2nd over - 0 runs, 1 hit, 0 errors, 1 left on base; Tacoma 0 - Hawaii 1
TOP OF THE 3RD
Tacoma Cubs batting - Pitching for Hawaii Islanders : RHP Herberto Folgueira
Batting: LHB Tom Lombarski 0-0: Called Strike
0-1: Ground out 4-3 (Groundball, 4, EV 81.3 MPH)
Batting: RHB Tim Glass 0-0: Called Strike
0-1: Ball
1-1: Foul Ball, location: 2F
1-2: Ball
2-2: Strikes out swinging
Batting: RHB Glenn Hubbard 0-0: Called Strike
0-1: SINGLE (Groundball, 4MD, EV 106.9 MPH)
Batting: LHB Willie Gonzalez 0-0: Ball
1-0: Foul Ball, location: 2F
1-1: Ball
2-1: Fly out, F8 (Line Drive, 8RM, EV 85.0 MPH)
Top of the 3rd over - 0 runs, 1 hit, 0 errors, 1 left on base; Tacoma 0 - Hawaii 1
BOTTOM OF THE 3RD
Hawaii Islanders batting - Pitching for Tacoma Cubs : RHP Joe Devitt
Batting: LHB Creighton Tevlin 0-0: SINGLE (Groundball, 25, EV 73.8 MPH) (infield hit)
Batting: SHB Charles Valley 0-0: Ball
1-0: SINGLE (Flyball, 5D, EV 91.9 MPH)
Creighton Tevlin to second
Batting: LHB Dom Fucci 0-0: Ball
1-0: Ball
2-0: Ball
3-0: Base on Balls
Creighton Tevlin to third
Charles Valley to second
Batting: RHB Joe Strain 0-0: Ball
1-0: Fielders Choice at 2nd, 6-4 (Groundball, 56, EV 98.1 MPH)
Creighton Tevlin scores
Charles Valley to third
Batting: LHB Geno Petralli 0-0: Called Strike
0-1: Ball
1-1: SINGLE (Groundball, 34D, EV 93.8 MPH)
Charles Valley scores
Joe Strain to second
Runner from 2nd tries for 3rd, SAFE, no throw by RF
Batting: LHB Joe DeSa 0-0: Ball
1-0: Foul Ball, location: 2F
1-1: Ball
2-1: Ball
3-1: Foul Ball, location: 2F
3-2: Base on Balls
Geno Petralli to second
Batting: SHB Wayne Stone 0-0: Called Strike
0-1: SINGLE (Groundball, 6M, EV 104.4 MPH) (infield hit)
Joe Strain scores
Geno Petralli to third
Joe DeSa to second
Batting: RHB Michael Hanson 0-0: Fly out, F6 (Line Drive, 6, EV 67.5 MPH)
Batting: LHB Leo Sutherland 0-0: Ball
1-0: Ball
2-0: Foul Ball, location: 2F
2-1: Ground out 4-3 (Groundball, 4, EV 105.6 MPH)
Bottom of the 3rd over - 3 runs, 4 hits, 0 errors, 3 left on base; Tacoma 0 - Hawaii 4
TOP OF THE 4TH
Tacoma Cubs batting - Pitching for Hawaii Islanders : RHP Herberto Folgueira
Batting: LHB Dan Pasqua 0-0: Ball
1-0: Swinging Strike
1-1: Ball
2-1: Swinging Strike
2-2: Ball
3-2: Foul Ball, location: 2F
3-2: Foul Ball, location: 2F
3-2: Base on Balls
Batting: RHB Marty Castillo 0-0: Ball
1-0: Swinging Strike
1-1: Swinging Strike
1-2: Ball
2-2: Strikes out swinging
Batting: LHB Thad Bosley 0-0: Ball
1-0: Ball
2-0: Ball
Wild Pitch!
Dan Pasqua to second
3-0: Base on Balls
Batting: LHB John Elway 0-0: Ball
1-0: Fielders Choice at 2nd, 2-4 (Groundball, 2L, EV 70.6 MPH)
Dan Pasqua to third
Batting: RHB Paul Szymarek 0-0: Ball
1-0: Fly out, F7 (Flyball, 78M, EV 88.8 MPH)
Top of the 4th over - 0 runs, 0 hits, 0 errors, 2 left on base; Tacoma 0 - Hawaii 4
BOTTOM OF THE 4TH
Hawaii Islanders batting - Pitching for Tacoma Cubs : RHP Joe Devitt
Batting: LHB Creighton Tevlin 0-0: Ball
1-0: Ball
2-0: Foul Ball, location: 2F
2-1: Ground out 6-3 (Groundball, 6M, EV 79.4 MPH)
Batting: SHB Charles Valley 0-0: Ball
1-0: Called Strike
1-1: Ball
2-1: Called Strike
2-2: Ball
3-2: Foul Ball, location: 2F
3-2: Ground out 4-3 (Groundball, 4, EV 82.5 MPH)
Batting: LHB Dom Fucci 0-0: Swinging Strike
0-1: Foul Ball, location: 2F
0-2: Ball
1-2: Strikes out swinging
Bottom of the 4th over - 0 runs, 0 hits, 0 errors, 0 left on base; Tacoma 0 - Hawaii 4
TOP OF THE 5TH
Tacoma Cubs batting - Pitching for Hawaii Islanders : RHP Herberto Folgueira
Batting: LHB Tom Lombarski 0-0: Called Strike
0-1: Ball
1-1: Foul Ball, location: 2F
1-2: Ground out 4-3 (Groundball, 4S, EV 80.0 MPH)
Batting: RHB Tim Glass 0-0: Ball
1-0: Foul Ball, location: 2F
1-1: Ground out 6-3 (Groundball, 6, EV 89.4 MPH)
Batting: RHB Glenn Hubbard 0-0: Foul Ball, location: 2F
0-1: Hit by Pitch
Batting: LHB Willie Gonzalez 0-0: Ball
1-0: Ball
2-0: Ball
3-0: Base on Balls
Glenn Hubbard to second
Batting: LHB Dan Pasqua 0-0: Called Strike
0-1: Called Strike
0-2: Strikes out swinging
Top of the 5th over - 0 runs, 0 hits, 0 errors, 2 left on base; Tacoma 0 - Hawaii 4
BOTTOM OF THE 5TH
Hawaii Islanders batting - Pitching for Tacoma Cubs : RHP Joe Devitt
Batting: RHB Joe Strain 0-0: Ball
1-0: TRIPLE (Flyball, 8LXD, EV 105.0 MPH)
Batting: LHB Geno Petralli 0-0: Ball
1-0: Ball
2-0: SINGLE (Line Drive, 6D, EV 99.4 MPH)
Joe Strain scores
Batting: LHB Joe DeSa 0-0: Ball
1-0: Called Strike
1-1: 2-RUN HOME RUN (Flyball, 9D, EV 100.6 MPH), Distance : 388 ft
Pitching: RHP Doug Jones
Batting: SHB Wayne Stone 0-0: Called Strike
0-1: Ground out 4-3 (Groundball, 4, EV 85.6 MPH)
Batting: RHB Michael Hanson 0-0: Foul Ball, location: 2F
0-1: Ball
1-1: Ground out U3 (Groundball, 34S, EV 81.9 MPH)
Batting: LHB Leo Sutherland 0-0: Ground out 6-3 (Groundball, 6S, EV 68.1 MPH)
Bottom of the 5th over - 3 runs, 3 hits, 0 errors, 0 left on base; Tacoma 0 - Hawaii 7
TOP OF THE 6TH
Tacoma Cubs batting - Pitching for Hawaii Islanders : RHP Herberto Folgueira
Batting: RHB Marty Castillo 0-0: Called Strike
0-1: Ball
1-1: Foul Ball, location: 2F
1-2: Reached on error, E5 (Groundball, 56S, EV 93.8 MPH)
Batting: LHB Thad Bosley 0-0: Ball
1-0: Ball
2-0: Ball
3-0: Fly out, F7 (Flyball, 78D, EV 98.8 MPH)
Batting: LHB John Elway 0-0: Fly out, F9 (Flyball, 9LS, EV 96.9 MPH)
Batting: RHB Paul Szymarek 0-0: Ball
1-0: Ball
2-0: Ball
3-0: Swinging Strike
3-1: Foul Ball, location: 2F
3-2: Strikes out looking
Top of the 6th over - 0 runs, 0 hits, 1 error, 1 left on base; Tacoma 0 - Hawaii 7
BOTTOM OF THE 6TH
Hawaii Islanders batting - Pitching for Tacoma Cubs : RHP Doug Jones
Batting: LHB Creighton Tevlin 0-0: Swinging Strike
0-1: Ball
1-1: Ball
2-1: Foul Ball, location: 2F
2-2: SINGLE (Groundball, 5D, EV 106.3 MPH)
Batting: SHB Charles Valley 0-0: Fielders Choice at 2nd, 3-6 (Groundball, 3S, EV 84.4 MPH)
Batting: LHB Dom Fucci 0-0: Swinging Strike
0-1: Ball
1-1: Ball
2-1: Swinging Strike
2-2: Foul Ball, location: 2F
2-2: Ball
3-2: Strikes out swinging
Batting: RHB Joe Strain 0-0: Ball
1-0: Foul Ball, location: 2F
1-1: Ground out 4-3 (Groundball, 34D, EV 93.1 MPH)
Bottom of the 6th over - 0 runs, 1 hit, 0 errors, 1 left on base; Tacoma 0 - Hawaii 7
TOP OF THE 7TH
Tacoma Cubs batting - Pitching for Hawaii Islanders : RHP Herberto Folgueira
Batting: LHB Tom Lombarski 0-0: Foul Ball, location: 2F
0-1: Foul Ball, location: 2F
0-2: Strikes out swinging
Batting: RHB Tim Glass 0-0: Ground out 1-3 (Groundball, 13S, EV 67.5 MPH)
Batting: RHB Glenn Hubbard 0-0: Ball
1-0: Foul Ball, location: 2F
1-1: Ball
2-1: Foul Ball, location: 2F
2-2: Ball
3-2: Foul Ball, location: 2F
3-2: Foul Ball, location: 2F
3-2: Base on Balls
Pinch Hitting: LHB Jim Tracy 0-0: Called Strike
0-1: Ball
1-1: Ball
2-1: Fly out, F8 (Line Drive, 8RD, EV 91.3 MPH)
Top of the 7th over - 0 runs, 0 hits, 0 errors, 1 left on base; Tacoma 0 - Hawaii 7
BOTTOM OF THE 7TH
Hawaii Islanders batting - Pitching for Tacoma Cubs : RHP Doug Jones
Now at 1B: Jim Tracy
Batting: LHB Geno Petralli 0-0: Called Strike
0-1: Swinging Strike
0-2: Ball
1-2: Ground out 4-3 (Groundball, 4, EV 80.6 MPH)
Pinch Hitting: LHB Kevin Knuth 0-0: Called Strike
0-1: Ball
1-1: Ball
2-1: Ball
3-1: Ground out 3-1 (Groundball, 34S, EV 81.3 MPH)
Batting: SHB Wayne Stone 0-0: Swinging Strike
0-1: Foul Ball, location: 2F
0-2: Ball
1-2: Foul Ball, location: 2F
1-2: Ball
2-2: Ground out 4-3 (Groundball, 34, EV 85.0 MPH)
Bottom of the 7th over - 0 runs, 0 hits, 0 errors, 0 left on base; Tacoma 0 - Hawaii 7
TOP OF THE 8TH
Tacoma Cubs batting - Pitching for Hawaii Islanders : RHP Herberto Folgueira
Now in RF: Kevin Knuth
Batting: LHB Dan Pasqua 0-0: Ball
1-0: Swinging Strike
1-1: Ball
2-1: Ball
3-1: Base on Balls
Pitching: RHP Michael Mahoski
Batting: RHB Marty Castillo 0-0: Ball
1-0: Ball
2-0: Called Strike
2-1: Ball
3-1: Base on Balls
Dan Pasqua to second
Batting: LHB Thad Bosley 0-0: Ball
1-0: Fielders Choice at 2nd, 6-4 (Groundball, 6, EV 88.8 MPH)
Dan Pasqua to third
Batting: LHB John Elway 0-0: Swinging Strike
0-1: Ball
1-1: Foul Ball, location: 2F
1-2: Foul Ball, location: 2F
1-2: Ball
2-2: Foul Ball, location: 2F
2-2: Ball
3-2: Foul Ball, location: 2F
3-2: Fielders Choice at 2nd, 6-4 (Groundball, 6, EV 88.8 MPH)
Dan Pasqua scores
Batting: RHB Paul Szymarek 0-0: Ball
1-0: Foul Ball, location: 2F
1-1: Foul Ball, location: 2F
1-2: Strikes out swinging
Top of the 8th over - 1 run, 0 hits, 0 errors, 1 left on base; Tacoma 1 - Hawaii 7
BOTTOM OF THE 8TH
Hawaii Islanders batting - Pitching for Tacoma Cubs : RHP Doug Jones
Batting: RHB Michael Hanson 0-0: Ball
1-0: Ball
2-0: Fly out, F8 (Flyball, 8RXD, EV 103.8 MPH)
Batting: LHB Leo Sutherland 0-0: Ground out 4-3 (Groundball, 34, EV 108.8 MPH)
Batting: LHB Creighton Tevlin 0-0: Swinging Strike
0-1: Ball
1-1: Foul Ball, location: 2F
1-2: Fly out, F8 (Line Drive, 8LD, EV 88.1 MPH)
Bottom of the 8th over - 0 runs, 0 hits, 0 errors, 0 left on base; Tacoma 1 - Hawaii 7
TOP OF THE 9TH
Tacoma Cubs batting - Pitching for Hawaii Islanders : RHP Michael Mahoski
Batting: LHB Tom Lombarski 0-0: Ground out 6-3 (Groundball, 56, EV 83.1 MPH)
Batting: RHB Tim Glass 0-0: Ball
1-0: Ball
2-0: Foul Ball, location: 2F
2-1: Ball
3-1: Fly out, F6 (Popup, 4MD, EV 55.6 MPH)
Batting: RHB Glenn Hubbard 0-0: SINGLE (Groundball, 6MD, EV 95.6 MPH)
Batting: LHB Jim Tracy 0-0: Fly out, F7 (Flyball, 7, EV 88.8 MPH)
Top of the 9th over - 0 runs, 1 hit, 0 errors, 1 left on base; Tacoma 1 - Hawaii 7
Thursday, August 6th, 2020 - OOTP Baseball 21.5 Build 76